 Dungeon Crawl Stone Soup version 0.15-a0-348-gfef1ba5 (webtiles) character file.

2339 4tharraofdagon the Bolt Thrower (level 9, -5/59 HPs)
             Began as a Halfling Hunter on May 2, 2014.
             Was a Believer of Cheibriados.
             Killed by an exploding giant spore (12 damage)
             ... on Level 9 of the Dungeon.
             The game lasted 00:22:08 (2907 turns).

4tharraofdagon the Bolt Thrower (Halfling Hunter)   Turns: 2907, Time: 00:22:09

HP  -5/59        AC  9     Str 18      XL: 9   Next: 56%
MP  13/13        EV  8     Int 17      God: Cheibriados [**....]
Gold 191         SH  0     Dex 23      Spells:  0 memorised,  8 levels left

rFire  . . .     SeeInvis .     b - +1 crossbow
rCold  . . .     Clarity  .     z - +0 chain mail
rNeg   . . .     Conserve .     (no shield)
rPois  .         rCorr    .     (no helmet)
rElec  .         rRot     .     (no cloak)
SustAb . .       Spirit   .     y - +0 pair of gloves
rMut   .         Warding  .     (no boots)
Saprov . . .     Stasis   .     h - amulet of faith
MR     .....                    D - ring of wizardry
                                C - cursed ring of loudness

@: confused, very slow, not resistant to hostile enchantments, extremely
unstealthy
A: mutation resistance 1, slow metabolism 1
a: Bend Time, Renounce Religion


You were on level 9 of the Dungeon.
You worshipped Cheibriados.
Cheibriados was pleased with you.
You were not hungry.

You visited 2 branches of the dungeon, and saw 10 of its levels.
You also visited: Ossuary.

You collected 191 gold pieces.

Inventory:

Hand weapons
 a - a +0,+0 short sword
 b - a +1,+1 crossbow (weapon)
 n - a +0,+0 lajatang
Missiles
 c - 79 bolts (quivered)
 e - 10 poisoned bolts
 j - 4 bolts of flame
Armour
 d - a +0 leather armour
 u - a +0 buckler
 y - a +0 pair of gloves (worn)
 z - a +0 chain mail (worn)
Magical devices
 E - a wand of frost (10)
 L - a wand of cold (6)
Comestibles
 f - 3 bread rations
 o - 3 apples
 F - 2 meat rations
 G - a royal jelly
 H - a honeycomb
Scrolls
 i - 5 scrolls of remove curse
 k - a scroll of enchant weapon I {unknown}
 r - a scroll of amnesia {unknown}
 s - a scroll of magic mapping
 t - a scroll of enchant armour {unknown}
 w - a scroll of teleportation {unknown}
 J - a scroll of enchant weapon II {unknown}
Jewellery
 h - an amulet of faith (around neck)
 C - a cursed ring of loudness (left hand)
 D - a ring of wizardry (right hand)
Potions
 g - 2 potions of restore abilities {unknown}
 l - a potion of curing
 m - a potion of degeneration {unknown}
 p - 2 potions of heal wounds {unknown}
 q - 2 potions of agility {unknown}
 v - a potion of brilliance
 x - a potion of magic
 A - 2 potions of might {unknown}
 B - a potion of haste
 I - a potion of poison {unknown}
 M - a potion of paralysis {unknown}
Books
 K - a book of Callings

   Spells                             Type                      Level
   Summon Small Mammal                Summoning                    1
   Call Imp                           Summoning                    2
   Call Canine Familiar               Summoning                    3
   Summon Guardian Golem              Hexes/Summoning              4
   Summon Lightning Spire             Summoning/Air                4
   Summon Ice Beast                   Ice/Summoning                4


   Skills:
 + Level 4.4 Fighting
 - Level 4.3 Staves
 * Level 7.7 Crossbows
 + Level 6.6 Dodging
 - Level 1.3 Stealth
 + Level 2.9 Invocations


You had 8 spell levels left.
You didn't know any spells.

Dungeon Overview and Level Annotations

Branches:
Dungeon (9/15)             Temple (1/1) D:6
    Orc: D:9-12        Lair: D:8-11

Altars:
Ashenzari
Cheibriados
Dithmenos
Elyvilon
Fedhas
Makhleb
Nemelex Xobeh
Okawaru
Trog
Xom
Yredelemnul
Zin
The Shining One

Annotations:
D:9 exclusion: ice statue


Innate Abilities, Weirdness & Mutations

You are small and have problems with some larger weapons.
You are somewhat resistant to further mutation.
You have a slow metabolism.


Message History

Aim: an ice beast (heavily wounded, summoned)
You shoot a bolt. The bolt hits the ice beast.
You kill the ice beast!
Unknown command.
c - 55 bolts (gained 5)
c - 56 bolts (gained 1)
c - 57 bolts (gained 1)
c - 58 bolts (gained 1) Really walk into a travel-excluded area?
Unknown command.
Found 21 bolts.
p - 2 black potions (gained 1)
c - 79 bolts (gained 21)
A giant spore comes into view.
The giant spore waves its rhizomes.
A ballistomycete grows in the wake of the spore.
The giant spore explodes!
The explosion of spores engulfs you!
You are confused.
You die...

#?# ..#
..#
..###
#...
####..#
#.....#
##.....#
#....@.#
#.<.#..#
#.P #..#
## #..#
#..#
#..#
#..#
#..#
#..###


There were no monsters in sight!

Vanquished Creatures
  A feature mimic (D:7)
  2 phantoms
  A black bear (D:6)
  3 ice beasts (D:9)
  2 ogres
  A giant slug (D:6)
  2 giant frogs
  3 scorpions
  2 human zombies (Ossuary)
  3 hounds
  7 crimson imps
  An orc priest (D:6)
  A jelly (D:8)
  4 orc wizards
  7 worker ants
  2 iguanas
  A big kobold zombie (Ossuary)
  An ogre skeleton (D:7)
  3 hound zombies
  4 mummies
  A worker ant zombie (D:5)
  5 adders
  A shadow imp (D:7)
  2 worms
  5 adder zombies (Ossuary)
  An iguana skeleton (D:8)
  A giant eyeball (D:7)
  4 giant geckos
  An ooze (D:2)
  13 orcs
  A bat skeleton (D:6)
  A bat zombie (D:6)
  4 gnoll zombies (Ossuary)
  8 hobgoblins
  8 jackals
  7 kobolds
  3 quokkas
  4 bats
  A giant cockroach (D:1)
  A giant gecko zombie (D:7)
  3 giant newts (D:1)
  A gnoll skeleton (D:4)
  7 goblins
  2 goblin zombies (Ossuary)
  A hobgoblin skeleton (D:4)
  3 hobgoblin zombies (Ossuary)
  A jackal zombie (Ossuary)
  3 kobold zombies (Ossuary)
  5 quokka zombies
  6 rats
  3 rat zombies
158 creatures vanquished.

Notes
Turn   | Place    | Note
--------------------------------------------------------------
     0 | D:1      | 4tharraofdagon, the Halfling Hunter, began the quest for the Orb.
     0 | D:1      | Reached XP level 1. HP: 12/12 MP: 1/1
    26 | D:1      | Reached skill level 1 in Fighting
    94 | D:1      | Reached XP level 2. HP: 8/18 MP: 2/2
   170 | D:2      | Reached skill level 4 in Crossbows
   260 | D:2      | Reached XP level 3. HP: 16/23 MP: 3/3
   371 | D:4      | Reached XP level 4. HP: 25/29 MP: 4/4
   422 | D:4      | Noticed an ogre
   430 | D:4      | Killed an ogre
   430 | D:4      | Reached skill level 1 in Staves
   430 | D:4      | Reached XP level 5. HP: 29/34 MP: 5/5
   480 | D:4      | Found a sand-covered staircase.
   491 | Ossuary  | Entered an ossuary
   507 | Ossuary  | Reached XP level 6. HP: 37/39 MP: 6/6
   766 | Ossuary  | Reached skill level 5 in Crossbows
   830 | D:3      | HP: 1/41 [orc priest/divine providence (9)]
   842 | D:2      | Reached XP level 7. HP: 10/45 MP: 7/7
  1259 | D:5      | Entered Level 5 of the Dungeon
  1611 | D:6      | WTF??!!!
  1641 | D:6      | Found a staircase to the Ecumenical Temple.
  1650 | Temple   | Entered the Ecumenical Temple
  1670 | Temple   | WOW
  1680 | D:6      | WHY SUCH TRASH
  1680 | D:6      | EVERYWHERE
  1691 | D:6      | Found a snail-covered altar of Cheibriados.
  1749 | D:6      | Reached XP level 8. HP: 32/52 MP: 8/8
  1789 | D:6      | Became a worshipper of Cheibriados the Contemplative
  1811 | D:6      | Reached skill level 6 in Crossbows
  1819 | D:6      | Reached skill level 5 in Dodging
  2341 | D:7      | Reached skill level 1 in Invocations
  2388 | D:7      | Paralysed by a giant eyeball for 3 turns
  2411 | D:7      | Killed a door mimic
  2411 | D:7      | Reached skill level 7 in Crossbows
  2411 | D:7      | Reached XP level 9. HP: 30/58 MP: 9/11
  2650 | D:8      | Found a shimmering altar of Xom.
  2650 | D:8      | Found a glowing golden altar of the Shining One.
  2856 | D:9      | Noticed an ice statue
  2882 | D:9      | HP: 2/59 [ice beast[an ice statue] (14)]
  2907 | D:9      | Killed by an exploding giant spore

Action                   |  1- 3 |  4- 6 |  7- 9 || total
-------------------------+-------+-------+-------++-------
Melee: Lajatang          |       |    57 |    52 ||   109
 Fire: Crossbow          |    46 |    77 |   248 ||   371
Evoke: Wand              |       |       |     5 ||     5
  Use: Scroll            |       |     2 |     6 ||     8
       Potion            |       |     1 |     2 ||     3
 Stab: Sleeping          |       |     1 |       ||     1
